Map: Tokamak LE

Players

KarlKoch

  • Race: Terran Terran
  • League: Master
  • Spawn Location: 7:00

ManlyManMeat - Winner!

  • Race: Zerg Zerg
  • League: Diamond
  • Spawn Location: 1:00

VOD

Have the link to the VOD?

Description

Time

  • Played on: July 3, 2025, 5:27 p.m.
  • Length: 4:08
Show
View Real Time Build Order
Export as new Build Order

KarlKoch Terran 

Build Orders:  

Get SALT Encoding   

  12  0:00  SCV  
  13  0:14  Supply Depot  
  13  0:51  Barracks  
  13  0:58  Barracks  
  13  1:01  Barracks  
  13  1:05  SCV  
  14  1:38  Marine  
  14  1:39  Barracks  
  15  1:44  Marine  
  15  1:45  Supply Depot  
  16  1:51  Marine  
  17  1:55  Marine  
  18  2:02  Marine  
  19  2:09  Marine  
  19  2:10  Supply Depot  
  19  2:13  Marine  
  21  2:21  Marine  
  22  2:25  Marine  
  23  2:37  Marine x2  
  25  2:54  Marine x2  
  25  2:55  Marine x2  
  29  3:01  Bunker  
  20  3:13  Marine  
  20  3:14  Marine x3  
  21  3:31  Marine x2  
  21  3:32  Marine x2  
  25  3:49  Marine x4  
Show
View Real Time Build Order
Export as new Build Order

ManlyManMeat Zerg - Winner!

Build Orders: Hatch First 

Get SALT Encoding   

  12  0:00  Drone  
  13  0:08  Drone  
  14  0:17  Extractor  
  14  0:18  Drone  
  15  0:22  Overlord  
  15  0:41  Drone  
  16  0:48  Hatchery  
  15  0:50  Drone  
  15  0:54  Drone  
  18  0:57  Drone  
  18  1:07  Extractor  
  17  1:13  Spawning Pool  
  17  1:16  Drone  
  17  1:20  Drone  
  18  1:26  Drone  
  19  1:41  Drone  
  20  1:59  Queen x2  
  20  2:00  Zergling x2  
  20  2:01  Zergling x2  
  26  2:03  Overlord  
  26  2:11  Metabolic Boost  
  26  2:13  Drone  
  26  2:14  Drone  
  28  2:24  Drone x2  
  30  2:35  Spine Crawler  
  30  2:37  Drone x2  
  31  2:51  Zergling x4  
  31  3:00  Zergling x4  
  30  3:14  Zergling x8  
  30  3:19  Zergling x2  
  35  3:24  Overlord  
  34  3:35  Overlord  
  34  3:40  Drone x2  
Tags
 
Matchup
TvZ
Replay Pack
Myownreplay2
Spawn Locations
Cross Positions
Add a new tag
Caveats
  • Supply blocks, unpowered buildings, or Contaminate may cause inaccurate times.
  • Supply counts are checked every 10 seconds.